 Dungeon Crawl Stone Soup version 0.29-a0-344-ge2f44be95a (webtiles) character file.

Game seed: 14112753478952269629

42 zishaf the Chiller (level 3, 0/29 HPs)
             Began as a Ghoul Ice Elementalist on Apr 21, 2022.
             Slain by a gnoll
             ... wielding a +0 halberd
              (10 damage)
             ... on level 2 of the Dungeon.
             The game lasted 00:03:54 (1423 turns).

zishaf the Chiller (Ghoul Ice Elementalist)         Turns: 1423, Time: 00:03:55

Health: 0/29       AC:  5    Str: 11    XL:     3   Next: 56%
Magic:  2/5        EV: 12    Int: 12    God:
Gold:   22         SH:  0    Dex:  9    Spells: 2/6 levels left

rFire   . . .      SeeInvis .   h - +0 dagger (elec)
rCold   + . .      Faith    .   (no shield)
rNeg    + + +      Spirit   .   a - +0 robe
rPois   ∞          Reflect  .   (no helmet)
rElec   .          Harm     .   (no cloak)
rCorr   .          Rampage  .   (no gloves)
Will    .....                   k - +2 pair of boots
Stlth   ++........              f - amulet of regeneration
HPRegen 0.00/turn               (no ring)
MPRegen 0.09/turn               (no ring)

@: freezing walls, inhibited regen
A: claws 1, cold resistance 1, negative energy resistance 3, inhibited
regeneration, torment resistance 2, devour on kill
a: no special abilities


You were on level 2 of the Dungeon.
You visited 1 branch of the dungeon, and saw 2 of its levels.

You collected 92 gold pieces.
You spent 70 gold pieces at shops.

Inventory:

Hand Weapons
 h - a +0 dagger of electrocution (weapon)
Missiles
 g - 43 stones
Armour
 a - a +0 robe (worn)
 e - a +0 leather armour
 k - a +2 pair of boots (worn)
Jewellery
 f - an amulet of regeneration (around neck)
Scrolls
 c - 3 scrolls of identify {unknown}
Potions
 b - a potion of magic
 d - a potion of mutation {unknown}
 i - a potion of curing {unknown}
 j - a potion of resistance {unknown}


   Skills:
 + Level 2.0 Fighting
 - Level 1.7 Dodging
 - Level 2.1 Stealth
 - Level 0.4 Unarmed Combat
 - Level 2.0 Spellcasting
 + Level 5.0 Ice Magic


You had 2 spell levels left.
You knew the following spells:

 Your Spells              Type           Power      Damage    Failure   Level
a - Freeze                Ice            52%        1d7       3%          1
b - Frozen Ramparts       Ice            26%        1d4       11%         3

Your spell library contained the following spells:

 Spells                   Type           Power      Damage    Failure   Level
 Ozocubu's Armour         Ice            13%        N/A       11%         3
 Hailstorm                Conj/Ice       7%         3d4       67%         4


Dungeon Overview and Level Annotations

Branches:
Dungeon (2/15)

Altars:

Shops:
D:1 (


Innate Abilities, Weirdness & Mutations

You are immune to poison.
You have sharp fingernails.
Your flesh is cold resistant. (rC+)
You are immune to negative energy. (rN+++)
You do not regenerate when monsters are visible.
You are immune to unholy pain and torment.
You thrive by killing the living.


Message History

Aim: an orc, wielding a +0 hand axe (almost dead)
You freeze the orc.
You kill the orc!
Items here: ))) [[ ††.
Okay, then.
You see here a +0 dagger.
Things that are here:
a +0 hand axe; an orc corpse You start resting.
Magic restored.
There is a stone staircase leading up here.
You hear a shout!
You hear a shout!
Found a pair of embroidered boots.
You see here a +2 pair of boots.
k - a +2 pair of boots You start putting on your armour.
You continue putting on your +2 pair of boots. x4
You finish putting on your +2 pair of boots.
A gnoll comes into view. It is wielding a +0 halberd.
The gnoll shouts!
A gnoll comes into view.
It is wielding a +1 spectral quarterstaff.
Casting: Freeze (safe; 3% risk of failure)
Confirm with . or Enter, or press ? or * to list all spells.
The spell is quite dangerous to miscast (11% risk of failure)!
Continue anyway?
Casting: Frozen Ramparts (quite dangerous; 11% risk of failure)
Press: ? - help, Dir - look around, f - activate The walls around you are covered in ice.
The wall freezes the gnoll.
The wall freezes the gnoll.
The gnoll barely misses you.
The wall freezes the gnoll.
The wall freezes the gnoll.
The gnoll hits you from afar with a +0 halberd!
The wall freezes the gnoll.
The wall freezes the gnoll.
The gnoll hits you from afar with a +0 halberd!
The wall freezes the gnoll.
The wall freezes the gnoll. x2
The gnoll hits you from afar with a +0 halberd!
You die...

...##########
......gg.@..#
...###.####.#
##..###.#
......#.##
♣'♣ #....# ..
#♣♣..# .g8
♣..# .g. ♣..#
#... ♣..#


You could see 2 gnolls.

Vanquished Creatures
  An adder (D:2)
  5 orcs (D:2)
  3 bats
  2 endoplasms
  3 giant cockroaches (D:1)
  A goblin (D:1)
  2 hobgoblins
  3 ball pythons (D:1)
  A frilled lizard (D:1)
  6 rats
27 creatures vanquished.

Vanquished Creatures (others)
  12 plants (D:2)
12 creatures vanquished.

Grand Total: 39 creatures vanquished

Notes
Turn   | Place    | Note
-------+----------+-------------------------------------------
     0 | D:1      | zishaf the Ghoul Ice Elementalist began the quest for the
                  | Orb.
     0 | D:1      | Reached XP level 1. HP: 14/14 MP: 2/2
   443 | D:1      | Found Oqadu's Weapon Shop.
   548 | D:1      | Reached XP level 2. HP: 22/22 MP: 3/3
   807 | D:1      | Reached skill level 1 in Fighting
   915 | D:1      | Bought a +0 dagger of electrocution for 70 gold pieces
  1246 | D:2      | Reached XP level 3. HP: 29/29 MP: 2/5
  1250 | D:2      | Learned a level 3 spell: Frozen Ramparts
  1348 | D:2      | Reached skill level 5 in Ice Magic
  1423 | D:2      | Slain by a gnoll

Illustrated notes

Levels and vault maps discovered:
D:1:      wander_arrival_estate, layout_loops_ring, serial_co_window_serial,
          co_window_paths_a, co_window_of_opportunity_a, co_window_paths_b,
          co_window_paths_b, co_window_paths_a, co_window_paths_c,
          co_window_paths_c, co_window_corner_cb, co_window_broadway_b,
          co_window_paths_d, glass_columns_a, glass_columns_c, serial_shops,
          nicolae_shop_bloodbath_and_beyond, minmay_tetromino_o2
D:2:      layout_loops_ring, dilly_ecumenical_altar_fadedgnrine, uniq_natasha,
          uniq_crazy_yiuf_cottage, uniq_jessica

Skill      XL: |  1  2  3 |
---------------+----------+-----
Spellcasting   | 2 |  2.0
Fighting       | 1 2 |  2.0
Ice Magic      | 5 |  5.0
Dodging        | |  1.7
Stealth        | |  2.1
Unarmed Combat | |  0.4

Action                   || total
-------------------------++-------
Melee: Unarmed           ||    34
       Punch             ||     1
       Dagger            ||    50
 Cast: Freeze            ||     6
       Frozen Ramparts   ||     2
 Stab: Sleeping          ||     2
Armor: Robe              ||    19
Dodge: Dodged            ||    47

Table legend: (Time is in decaauts)
 A = Elapsed time spent in this place.
 B = Non-inter-level travel time spent in this place.
 C = Inter-level travel time spent in this place.
 D = Time resting spent in this place.
 E = Time spent auto-exploring this place.
 F = Levels seen in this place.
 G = Mean time per level.
                   A        B        C        D        E       F      G
               +--------+--------+--------+--------+--------+-----+--------+
         Total |   1422 |   1357 |     65 |     15 |    887 |   2 |  711.0 |
       Dungeon |   1422 |   1357 |     65 |     15 |    887 |   2 |  711.0 |
               +--------+--------+--------+--------+--------+-----+--------+

Top non-repeatable levels by time:
     D:1: 1210 daAuts
     D:2: 211 daAuts
